 Dungeon Crawl Stone Soup version 0.31-a0-142-g31f6795574 (webtiles) character file.

Game seed: 15143745761795213592

2172 Faragor the Thaumaturge (level 9, -1/40 (45) HPs)
             Began as a Deep Elf Ice Elementalist on June 3, 2023.
             Was a Follower of Sif Muna.
             Slain by tensugalgo's ghost (17 damage)
             ... on level 7 of the Dungeon.
             The game lasted 01:32:30 (8659 turns).

Faragor the Thaumaturge (Deep Elf Ice Elementalist) Turns: 8659, Time: 01:32:31

HP:   -1/40 (45)    AC:  5    Str:  5    XL:     9   Next: 11%
MP:   1/25          EV: 13    Int: 25    God:    Sif Muna [*.....]
Gold: 113           SH:  0    Dex: 15    Spells: 14/28 levels left

rFire   x . .        r - +2 rapier (speed)
rCold   + . .        t - orb {*Rage}
rNeg    . . .        a - +0 robe
rPois   .            s - +1 helmet
rElec   .            (no cloak)
rCorr   .            H - +0 pair of gloves
SInv    .            (no boots)
Will    +....        B - amulet of magic regeneration
Stlth   +++          u - ring of willpower
HPRegen 0.26/turn    C - ring of ice
MPRegen 0.59/turn

%: random rage (20%)
@: very slightly contaminated, heavily drained
A: no striking features
a: Renounce Religion, Channel Magic


You were on level 7 of the Dungeon.
You worshipped Sif Muna.
Sif Muna was aware of your devotion.
You visited 1 branch of the dungeon, and saw 7 of its levels.

You collected 363 gold pieces.
You spent 250 gold pieces at shops.

Inventory:

Hand Weapons
 c - a +0 short sword
 g - a +0 dagger
 l - a +0 sling
 r - a +2 rapier of speed (weapon)
 y - a +0 orcbow
Missiles
 n - 33 stones
 D - 2 atropa-tipped darts
Armour
 a - a +0 robe (worn)
 i - a +0 ring mail
 s - a +1 helmet (worn)
 t - an orb of wrath (worn)
 H - a +0 pair of gloves (worn)
Magical Staves
 x - a staff of fire
Jewellery
 u - a ring of willpower (left hand)
 B - an amulet of magic regeneration (around neck)
 C - a ring of ice (right hand)
Scrolls
 e - 2 scrolls of immolation
 h - 2 scrolls of noise
 j - a scroll of identify
 o - 2 scrolls of teleportation {unknown}
 v - a scroll of silence {unknown}
 w - a scroll of enchant weapon {unknown}
 E - a scroll of vulnerability {unknown}
 G - a scroll of acquirement {unknown}
 I - a scroll of magic mapping
Potions
 b - a potion of magic
 d - a potion of enlightenment {unknown}
 f - 2 potions of haste {unknown}
 k - a potion of invisibility
 m - a potion of might {unknown}
 p - 4 potions of curing
 q - 2 potions of brilliance
 z - a potion of ambrosia {unknown}
 A - a potion of heal wounds {unknown}
 F - a potion of mutation {unknown}


   Skills:
 - Level 0.5 Short Blades
 + Level 3.6 Dodging
 + Level 3.9 Stealth
 + Level 10.4 Spellcasting
 + Level 2.0 Summonings
 + Level 2.1 Necromancy
 + Level 9.9 Ice Magic
 + Level 0.5 Invocations


You had 14 spell levels left.
You knew the following spells:

 Your Spells              Type           Power      Damage    Failure   Level
a - Freeze                Ice            100%       1d10      1%          1
b - Frozen Ramparts       Ice            100%       1d16      1%          3
c - Summon Ice Beast      Ice/Summ       59%        N/A       4%          4
d - Ozocubu's Armour      Ice            76%        N/A       1%          3
e - Vampiric Draining     Necr           23%        2d7       6%          3

Your spell library contained the following spells:

 Spells                   Type           Power      Damage    Failure   Level
 Necrotise                Necr           92%        1d8       1%          1
 Gell's Gravitas          Tloc           13%        N/A       14%         3
 Teleport Other           Tloc           13%        N/A       14%         3
 Agony                    Necr           23%        N/A       47%         5
 Lee's Rapid Deconstruct  Erth           6%         3d6*      78%         5
 Dispersal                Tloc           6%         N/A       100%        6
 Monstrous Menagerie      Summ           11%        N/A       100%        7


Dungeon Overview and Level Annotations

Branches:
Dungeon (7/15)             Temple (0/1) D:7

Altars:
Ashenzari
Sif Muna
Trog
Xom

Shops:
D:6 =

Annotations:
D:4 2 runed translucent doors, Zigma's ghost, amateur DrRe
D:7 tensugalgo's ghost, novice GnCA


Message History

The ice beast misses you.
Your ice beast hits tensugalgo's ghost but does no damage.
Casting: Freeze (safe; 1% risk of failure)
Confirm with . or Enter, or press ? or * to list all spells.
Aiming: Vampiric Draining (dangerous; 11% risk of failure)
Press: ? - help, Shift-Dir - straight line, f - ice beast, p - tensugalgo's ghost
Aim: an ice beast (heavily wounded)
You draw life force from the ice beast!
You feel life coursing into your body.
Tensugalgo's ghost hits your ice beast but does no damage.
Your ice beast barely misses tensugalgo's ghost.
The ice beast closely misses you.
Casting: Vampiric Draining (dangerous; 11% risk of failure)
Confirm with . or Enter, or press ? or * to list all spells.
Aiming: Freeze (safe; 1% risk of failure)
Press: ? - help, Shift-Dir - straight line, f/p - ice beast
Aim: an ice beast (severely wounded)
Okay, then.
Casting: Freeze (safe; 1% risk of failure)
Confirm with . or Enter, or press ? or * to list all spells.
Aiming: Vampiric Draining (dangerous; 11% risk of failure)
Press: ? - help, Shift-Dir - straight line, f/p - ice beast
Aim: an ice beast (severely wounded)
You draw life force from the ice beast!
You kill the ice beast!
Sif Muna accepts your kill.
You feel life coursing into your body.
Your ice beast hits tensugalgo's ghost but does no damage.
Tensugalgo's ghost hits your ice beast.
Your Necromancy skill gained 2 levels and is now at level 2!
Unknown command.
Casting: Vampiric Draining (dangerous; 6% risk of failure)
Confirm with . or Enter, or press ? or * to list all spells.
Aiming: Freeze (safe; 1% risk of failure)
Press: ? - help, Shift-Dir - straight line, f - tensugalgo's ghost
Aim: tensugalgo's ghost, wielding a weapon of draining (almost destroyed, not watching you, ally target)
You feel a surge of power!
You freeze tensugalgo's ghost!
Tensugalgo's ghost is almost destroyed.
Your ice beast closely misses tensugalgo's ghost.
Tensugalgo's ghost hits you!
You die...

*,* *,***,****,,*,**,* # *,*
#,*#...,,,...,,,,* *# *,*
#.*#...,,....,,,,***, *,*
*.##..#######**,,,,,. *,*
***,....#......,*,,*,*. *<*
*,,,#...#..#.#..#...,** *,*
*,**#...'...#.?.#..#**
*,**##.####..'.....!.#..*
*,,,.......@W'†..#...#.,*##*
****##.####.Y#..#$#..#,,..,,
*,#.....#$......#,.#.#*
*#.#.#...#########....#
*...................#**
*...................#
****.......##...########
*,,,.#........###
*,**..........########


You could see tensugalgo's ghost (ally target) and a friendly ice beast
(summoned, drained).

Vanquished Creatures
  Menkaure (D:4)
  A sky beast (D:7)
  2 black bears (D:5)
  An ice beast (D:7)
  2 ogres (D:6)
  A centaur (D:4)
  A phantom (D:4)
  2 bullfrogs
  6 scorpions
  A howler monkey (D:6)
  A hound (D:7)
  A gnoll bouda (D:6)
  3 iguanas
  A jelly (D:7)
  5 orc wizards
  7 gnolls
  9 adders
  2 ufetubi
  2 worms
  4 dart slugs
  17 orcs
  3 bats
  2 endoplasms (D:1)
  9 giant cockroaches
  8 goblins
  4 hobgoblins
  8 kobolds
  9 quokkas
  5 ball pythons
  13 frilled lizards
  6 rats
137 creatures vanquished.

Vanquished Creatures (collateral kills)
  A water moccasin (D:7)
  A black bear (D:7)
  An orc priest (D:6)
  2 orc wizards
  7 orcs
12 creatures vanquished.

Grand Total: 149 creatures vanquished

Notes
Turn   | Place    | Note
-------+----------+-------------------------------------------
     0 | D:1      | Faragor the Deep Elf Ice Elementalist began the quest for
                  | the Orb.
     0 | D:1      | Reached XP level 1. HP: 10/10 MP: 6/6
    61 | D:1      | Got the Treatise on Indurated Rallying
   234 | D:1      | Reached XP level 2. HP: 7/15 MP: 5/8
   490 | D:1      | Reached skill level 5 in Ice Magic
   751 | D:1      | Reached XP level 3. HP: 19/19 MP: 7/10
   755 | D:1      | Learned a level 3 spell: Frozen Ramparts
  1390 | D:2      | Reached skill level 4 in Spellcasting
  1587 | D:2      | Reached XP level 4. HP: 19/24 MP: 8/12
  1633 | D:2      | Learned a level 4 spell: Summon Ice Beast
  2119 | D:3      | Noticed a great orb of eyes
  2119 | D:3      | Found a faded altar of an unknown god.
  2123 | D:3      | Noticed a golden eye
  2396 | D:3      | Found a broken altar of Ashenzari.
  2819 | D:3      | Noticed a golden eye
  2819 | D:3      | Noticed an eye of devastation
  2853 | D:3      | Found a shimmering altar of Xom.
  2859 | D:3      | Found a shimmering altar of Xom.
  2859 | D:3      | Found a shimmering altar of Xom.
  2871 | D:3      | Found a shimmering altar of Xom.
  2872 | D:3      | Found a shimmering altar of Xom.
  2875 | D:3      | Found a shimmering altar of Xom.
  3033 | D:3      | Reached skill level 5 in Spellcasting
  3033 | D:3      | Reached XP level 5. HP: 20/28 MP: 10/14
  3068 | D:3      | Learned a level 3 spell: Ozocubu's Armour
  3365 | D:4      | Found a large runed translucent door.
  3366 | D:4      | Found a large runed translucent door.
  3853 | D:4      | Noticed a phantom
  3877 | D:4      | Killed a phantom
  3878 | D:4      | Reached skill level 6 in Spellcasting
  3878 | D:4      | Reached XP level 6. HP: 32/32 MP: 0/17
  4168 | D:4      | Noticed Menkaure
  4241 | D:4      | Found a shimmering blue altar of Sif Muna.
  4247 | D:4      | Became a worshipper of Sif Muna the Loreminder
  4500 | D:4      | Noticed Zigma's ghost (amateur DrRe)
  4595 | D:4      | Killed Menkaure
  4596 | D:4      | Reached skill level 7 in Spellcasting
  4596 | D:4      | Reached XP level 7. HP: 11/36 MP: 9/19
  4874 | D:5      | Entered Level 5 of the Dungeon
  5093 | D:5      | Reached skill level 1 in Summonings
  5433 | D:5      | Reached skill level 8 in Spellcasting
  5809 | D:5      | Found a bloodstained altar of Trog.
  6135 | D:6      | Found Fidoz's Jewellery Boutique.
  6143 | D:6      | Reached XP level 8. HP: 41/41 MP: 18/22
  6152 | D:6      | Bought a ring of ice for 250 gold pieces
  6193 | D:6      | Reached * piety under Sif Muna
  6281 | D:6      | Learned a level 3 spell: Vampiric Draining
  6353 | D:6      | Reached skill level 9 in Spellcasting
  8232 | D:7      | Reached skill level 10 in Spellcasting
  8407 | D:7      | Reached XP level 9. HP: 45/45 MP: 25/25
  8628 | D:7      | Found a runed translucent gate.
  8628 | D:7      | Found a runed translucent gate.
  8628 | D:7      | Found a runed translucent gate.
  8629 | D:7      | Noticed tensugalgo's ghost (novice GnCA)
  8659 | D:7      | Slain by tensugalgo's ghost

Illustrated notes

Levels and vault maps discovered:
D:1:      shiori_arrival_elements, layout_loops_ring, minmay_lizard_king
D:2:      layout_loops_corners
D:3:      layout_basic, xom_redecorated, mainiacjoe_overflow_alcove_2,
          ashenzari_conservatory_becter, hellmonk_ecumenical_altar_watching_god,
          amcnicky_mini_corridor_feature, chequers_serial_rivers_small_3
D:4:      layout_loops_ring, marbit_many_paths, ebering_ghost_disaster_area,
          kennysheep_generic_room_10, uniq_menkaure
D:5:      layout_rooms, trog_butcher_becter
D:6:      nicolae_cairo_tiling, layout_basic, serial_shops, shop_fountains,
          gup_sewer_entry_pipe
D:7:      layout_loops_ring, minmay_temple_entry_nine_rooms,
          gammafunk_ghost_split, grunt_decor_junction

Skill      XL: |  1  2  3  4  5  6  7  8  9 |
---------------+----------------------------+-----
Ice Magic      | 5 6 7 8 9 |  9.9
Spellcasting   | 4 5 6 7 8 10 | 10.4
Stealth        | 3 |  3.9
Dodging        | 3 |  3.6
Summonings     | 1 2 |  2.0
Necromancy     | 2 |  2.1
Short Blades   | |  0.5
Invocations    | |  0.5

Action                     |  1- 3 |  4- 6 |  7- 9 || total
---------------------------+-------+-------+-------++-------
  Melee: Short sword       |     2 |     2 |       ||     4
         Rapier            |       |    21 |       ||    21
   Cast: Freeze            |    57 |    72 |    91 ||   220
         Frozen Ramparts   |       |     4 |    13 ||    17
         Ozocubu's Armour  |       |     4 |     9 ||    13
         Summon Ice Beast  |       |     2 |     6 ||     8
         Vampiric Draining |       |       |     6 ||     6
 Invoke: Channel Magic     |       |       |     1 ||     1
    Use: Scroll            |     1 |     3 |     3 ||     7
 Armour: Robe              |     4 |    28 |    17 ||    49
  Dodge: Dodged            |    22 |    49 |    48 ||   119

Table legend: (Time is in decaauts)
 A = Elapsed time spent in this place.
 B = Non-inter-level travel time spent in this place.
 C = Inter-level travel time spent in this place.
 D = Time resting spent in this place.
 E = Time spent auto-exploring this place.
 F = Levels seen in this place.
 G = Mean time per level.
                   A        B        C        D        E       F      G
               +--------+--------+--------+--------+--------+-----+--------+
         Total |   8705 |   8705 |      0 |   3144 |      0 |   7 | 1243.6 |
       Dungeon |   8705 |   8705 |      0 |   3144 |      0 |   7 | 1243.6 |
               +--------+--------+--------+--------+--------+-----+--------+

Top non-repeatable levels by time:
     D:6: 2093 daAuts
     D:4: 1574 daAuts
     D:2: 1225 daAuts
     D:3: 1194 daAuts
     D:5: 1118 daAuts
     D:1: 892 daAuts
     D:7: 606 daAuts
